Map: Lost and Found LE

Players

Adapt - Winner!

  • Race: Zerg Zerg
  • League: Diamond
  • Spawn Location: 1:00

Tainted

  • Race: Terran Terran
  • League: Diamond
  • Spawn Location: 7:00

VOD

Have the link to the VOD?

Description

ling bane hydra infestor broodlord vs bio tank viking

Time

  • Played on: July 13, 2018, 10:10 p.m.
  • Length: 21:55
Show
View Real Time Build Order
Export as new Build Order

Adapt Zerg - Winner!

Build Orders: Hatch First 

Get SALT Encoding   

  12  0:00  Drone  
  13  0:12  Overlord  
  13  0:17  Drone  
  14  0:30  Drone x2  
  14  0:34  Drone  
  17  0:54  Hatchery  
  17  0:56  Drone  
  17  0:59  Drone  
  18  1:11  Extractor  
  17  1:15  Spawning Pool  
  17  1:18  Drone  
  17  1:21  Drone  
  18  1:27  Drone  
  19  1:38  Overlord  
  19  1:49  Drone  
  20  2:01  Queen  
  20  2:02  Zergling x2  
  23  2:12  Queen  
  23  2:14  Drone  
  26  2:23  Hatchery  
  26  2:29  Zergling x2  
  26  2:42  Metabolic Boost  
  26  2:44  Drone x4  
  27  2:45  Drone  
  27  2:48  Drone  
  32  2:56  Overlord  
  32  3:05  Queen  
  32  3:07  Drone x2  
  36  3:21  Drone  
  36  3:22  Drone x6  
  36  3:26  Overlord  
  43  3:35  Drone x3  
  43  3:37  Queen  
  48  3:44  Zergling x6  
  48  3:45  Zergling x2  
  52  3:53  Overlord  
  52  4:03  Zergling x2  
  52  4:04  Zergling x8  
  52  4:06  Drone  
  58  4:12  Queen  
  55  4:25  Drone  
  55  4:26  Drone x6  
  60  4:32  Lair  
  60  4:37  Extractor, Drone x3  
  62  4:43  Baneling Nest  
  61  4:46  Drone x4  
  61  4:47  Evolution Chamber  
  61  4:48  Overlord  
  61  4:49  Overlord x2  
  61  4:51  Evolution Chamber  
  63  4:53  Extractor  
  63  4:54  Extractor  
  63  4:58  Spore Crawler  
  60  5:04  Spore Crawler  
  60  5:05  Spore Crawler, Drone x3  
  60  5:06  Spore Crawler  
  60  5:11  Drone x3  
  63  5:17  Drone  
  62  5:26  Drone  
  62  5:27  Drone x6  
  69  5:34  Centrifical Hooks  
  69  5:36  Hydralisk Den  
  69  5:39  Drone x2  
  69  5:40  Drone  
  71  5:44  Extractor  
  71  5:45  Extractor  
  69  5:53  Drone x4  
  69  5:54  Drone x2  
  69  5:56  Drone x3  
  78  6:06  Overlord  
  78  6:09  Pneumatized Carapace  
  78  6:12  Hatchery  
  78  6:13  Grooved Spines  
  78  6:14  Drone x2  
  78  6:15  Drone  
  78  6:16  Drone  
  78  6:17  Drone  
  82  6:25  Zerg Ground Armor Level 1  
  82  6:26  Zerg Melee Weapons Level 1  
  82  6:37  Overlord  
  82  6:39  Hydralisk  
  82  6:40  Hydralisk x2  
  82  6:42  Overlord x3  
  88  6:48  Overseer  
  88  6:57  Zergling x6  
  88  6:58  Zergling x12  
  97  7:06  Baneling x3, Hydralisk  
  97  7:07  Hydralisk x4  
  107  7:11  Baneling x9  
  107  7:19  Drone  
  107  7:22  Zergling x2  
  109  7:23  Zergling x12  
  109  7:25  Muscular Augments  
  109  7:26  Hydralisk x2  
  119  7:36  Infestation Pit  
  118  7:37  Hydralisk  
  118  7:38  Hydralisk x2  
  118  7:43  Drone x3  
  127  7:45  Overlord x2  
  127  7:50  Overseer  
  127  7:58  Overlord  
  127  7:59  Overlord x2  
  127  8:19  Zerg Missile Weapons Level 1  
  127  8:20  Hive  
  127  8:23  Spire, Zergling x32  
  127  8:24  Zergling x2  
  143  8:33  Drone x6  
  143  8:34  Drone  
  150  8:35  Queen  
  150  8:39  Overlord x2  
  152  8:45  Pathogen Glands  
  152  8:46  Burrow  
  152  9:08  Zergling x4  
  152  9:09  Zergling x30  
  169  9:20  Zergling x8  
  169  9:22  Baneling  
  169  9:23  Baneling x10  
  158  9:42  Neural Parasite  
  128  9:51  Zergling x2  
  128  9:52  Zergling x24  
  113  10:01  Zergling x2  
  113  10:02  Zergling x8  
  116  10:08  Greater Spire  
  116  10:14  Baneling x7  
  116  10:15  Baneling x19  
  116  10:16  Zergling x10  
  116  10:18  Zerg Ground Armor Level 2  
  116  10:19  Zerg Melee Weapons Level 2  
  111  10:43  Zergling x2  
  111  10:44  Zergling x24  
  111  10:48  Infestor  
  124  10:53  Adrenal Glands  
  124  10:56  Infestor  
  124  10:57  Infestor x3  
  124  11:00  Overlord  
  124  11:02  Extractor  
  124  11:03  Extractor  
  130  11:05  Infestor  
  130  11:09  Zergling x10  
  130  11:10  Zergling x2  
  138  11:31  Infestor x2  
  142  11:37  Drone x4  
  142  11:38  Drone x2  
  142  11:39  Drone x4  
  152  11:44  Zerg Flyer Weapons Level 1  
  152  12:01  Corruptor  
  152  12:02  Corruptor x4  
  150  12:19  Infestor  
  150  12:20  Infestor x2  
  156  12:34  Zerg Missile Weapons Level 2  
  156  12:35  Hatchery, Extractor  
  154  12:40  Extractor  
  154  12:41  Zerg Ground Armor Level 3  
  153  12:49  Drone x4  
  153  12:50  Drone x2  
  159  12:54  Brood Lord  
  159  12:55  Brood Lord  
  159  12:57  Spore Crawler  
  162  13:11  Brood Lord x2  
  160  13:24  Zergling x12  
  160  13:25  Zergling x50  
  173  13:35  Zergling x2  
  173  13:36  Zergling x2  
  173  13:38  Overlord x7  
  175  13:47  Baneling  
  175  13:48  Baneling x8  
  173  14:06  Infestor x9  
  173  14:07  Corruptor x5  
  183  14:10  Zergling x20  
  183  14:11  Zergling x4  
  183  14:16  Hydralisk x2  
  199  14:50  Zergling x2  
  199  14:51  Zergling x36  
  193  14:58  Brood Lord  
  191  15:03  Brood Lord x4  
  196  15:24  Corruptor  
  171  15:48  Zergling x2  
  171  15:49  Zergling x38  
  167  15:59  Brood Lord  
  167  16:00  Corruptor  
  167  16:01  Corruptor x4  
  179  16:16  Hydralisk  
  179  16:17  Hydralisk x8  
  171  16:31  Corruptor  
  171  16:32  Corruptor x5  
  172  16:36  Baneling  
  172  16:37  Baneling x14  
  153  17:05  Corruptor x7  
  153  17:06  Corruptor x9  
  178  17:14  Zerg Missile Weapons Level 3, Zerg Melee Weapons Level 3  
  178  17:18  Brood Lord x2  
  182  17:27  Zerg Flyer Armor Level 1  
  182  17:44  Zergling x2  
  182  17:45  Zergling x28  
  182  17:51  Infestor x6  
  197  17:53  Extractor  
  197  17:54  Hatchery  
  188  18:16  Zergling x2  
  188  18:17  Zergling x22  
  200  18:20  Baneling x5  
  200  18:21  Baneling x19  
  193  18:43  Brood Lord x3  
  165  19:06  Zergling x2  
  165  19:07  Zergling x46  
  184  19:19  Zergling x32  
  177  19:43  Infestor  
  177  19:44  Infestor x7  
  170  20:14  Zergling x2  
  170  20:15  Zergling x36  
  170  20:17  Extractor  
  184  20:24  Zergling x2  
  184  20:25  Zergling x12  
  189  20:44  Brood Lord x2  
  193  21:02  Baneling  
  193  21:03  Baneling x11  
  193  21:04  Hydralisk x2  
  193  21:05  Hydralisk  
  193  21:10  Hatchery  
Show
View Real Time Build Order
Export as new Build Order

Tainted Terran 

Build Orders: Reaper Expand, MMM Bio, Banshee Rush 

Get SALT Encoding   

  12  0:06  SCV  
  13  0:14  Supply Depot  
  13  0:18  SCV  
  14  0:24  Refinery  
  14  0:30  SCV  
  15  0:42  Barracks  
  15  0:45  SCV  
  16  0:58  SCV  
  17  1:10  SCV  
  18  1:22  SCV  
  19  1:28  Reaper  
  20  1:34  Orbital Command  
  20  1:47  Command Center  
  20  2:00  SCV  
  21  2:02  Factory  
  21  2:05  Barracks Reactor  
  21  2:13  Supply Depot, SCV  
  22  2:22  Refinery  
  22  2:25  SCV  
  23  2:37  SCV  
  24  2:50  Starport, SCV  
  25  2:53  Hellion x2  
  25  2:54  Barracks Tech Lab  
  29  3:01  Orbital Command  
  29  3:02  SCV  
  30  3:14  SCV  
  30  3:19  Hellion x2  
  35  3:26  SCV  
  36  3:31  Barracks Reactor  
  36  3:32  SCV  
  37  3:37  Supply Depot  
  37  3:38  SCV  
  38  3:42  Cloaking Field  
  38  3:44  Banshee, SCV  
  42  3:50  SCV  
  43  3:56  SCV  
  43  4:01  Barracks  
  43  4:02  Supply Depot, SCV  
  45  4:08  SCV  
  46  4:11  Marine x2  
  40  4:31  Marine x2  
  40  4:34  SCV x2  
  40  4:36  Supply Depot  
  46  4:45  Factory Reactor  
  43  4:46  SCV x2  
  43  4:47  Command Center  
  45  4:52  Engineering Bay  
  45  4:54  Engineering Bay  
  45  4:58  SCV x2  
  47  5:00  Marine x2  
  51  5:09  Starport Reactor  
  51  5:10  SCV  
  51  5:11  SCV  
  51  5:16  Stimpack  
  51  5:17  Barracks x2  
  51  5:22  SCV  
  51  5:23  SCV  
  51  5:25  Barracks  
  50  5:35  SCV  
  51  5:36  SCV  
  51  5:38  Factory Reactor  
  51  5:39  Refinery  
  51  5:40  Refinery  
  51  5:41  Marine x2  
  51  5:42  Marine  
  55  5:47  Terran Infantry Weapons Level 1, SCV  
  56  5:51  Terran Infantry Armor Level 1  
  56  5:54  SCV  
  57  6:00  Orbital Command  
  57  6:02  SCV  
  58  6:08  Marauder, Medivac  
  58  6:09  Medivac  
  64  6:13  Barracks Reactor  
  64  6:14  Marine x4  
  64  6:18  Orbital Command  
  69  6:25  SCV x2  
  69  6:28  Marine x2  
  69  6:29  Marauder  
  69  6:30  Factory Tech Lab  
  69  6:32  Marine x2  
  76  6:37  SCV  
  76  6:38  SCV  
  78  6:46  Barracks, Medivac  
  78  6:47  Barracks, Marine, Medivac  
  82  6:48  Marine x2  
  85  6:55  Marauder, Marine  
  85  6:56  Supply Depot x2  
  85  6:59  SCV x3  
  85  7:00  Marine x2  
  93  7:13  Armory  
  93  7:17  Combat Shield, Marine x2  
  93  7:18  Siege Tank, SCV x3  
  93  7:22  Marine  
  101  7:23  Supply Depot x2, Marine  
  101  7:28  Medivac  
  105  7:31  Marine x3  
  105  7:33  Marine  
  109  7:41  Supply Depot, Barracks Reactor  
  109  7:44  SCV x3, Marine x3, Medivac  
  109  7:48  Marine x2  
  109  7:49  Marine  
  120  7:54  Siege Tank  
  120  7:55  Marine x2  
  125  8:03  Supply Depot, Marine x2  
  125  8:04  Supply Depot  
  125  8:05  Supply Depot  
  127  8:06  Supply Depot, SCV x3  
  127  8:08  Terran Infantry Weapons Level 2  
  127  8:09  Refinery  
  127  8:10  Refinery  
  127  8:11  Marine x3  
  133  8:24  Marine x7  
  140  8:27  Barracks Reactor  
  140  8:33  SCV x2  
  142  8:34  Marine x4  
  142  8:38  Siege Tank, Medivac x2  
  142  8:39  Terran Infantry Armor Level 2  
  153  8:42  Marine x2  
  153  8:44  Marine x5  
  160  8:52  Marine x2  
  160  8:54  Marine  
  164  9:00  Marine  
  164  9:01  Marauder, Marine  
  164  9:02  Marine x3  
  170  9:06  Supply Depot  
  170  9:08  Supply Depot  
  170  9:10  Siege Tank  
  173  9:21  Supply Depot  
  173  9:24  Supply Depot  
  173  9:27  Marine x8  
  173  9:29  Marine x4  
  173  9:30  Medivac  
  173  9:31  Unknown, Medivac  
  189  9:43  Siege Tank  
  173  9:50  Marine x3  
  173  9:51  Marine x8  
  149  9:57  Marine x2  
  147  10:04  Medivac x2  
  151  10:08  Marine x4  
  151  10:13  Marine x3  
  151  10:14  Marine  
  159  10:15  Siege Tank  
  159  10:17  SCV x2  
  164  10:26  Command Center  
  133  10:45  Marine x2  
  133  10:46  Marine x7  
  133  10:47  Siege Tank, Marine x3  
  133  10:49  Marauder  
  150  10:50  Medivac x2  
  154  11:07  Liberator x2  
  154  11:09  Starport  
  154  11:16  Marine  
  154  11:17  Marine x7  
  154  11:18  Marine x4  
  165  11:19  Marauder  
  174  11:32  Siege Tank, Unknown x3  
  177  11:34  Marine x2  
  177  11:35  Marine x3  
  177  11:39  Terran Infantry Weapons Level 3  
  182  11:40  Terran Infantry Armor Level 3  
  182  11:41  Marauder, Marine  
  185  11:52  Starport Tech Lab  
  185  11:54  Marine x5  
  185  11:55  Factory  
  190  12:02  Marauder  
  192  12:13  Marine  
  192  12:14  Marine x8  
  192  12:15  Marine x3  
  177  12:17  Siege Tank  
  180  12:23  Marine  
  181  12:31  Marine x2  
  181  12:35  Marine x4  
  181  12:36  Marine x3  
  190  12:38  Marine  
  190  12:39  Marine x2  
  190  12:41  Marine  
  194  12:47  Siege Tank  
  194  12:50  Siege Tank  
  162  13:27  Marine x4  
  162  13:28  Marine  
  162  13:29  Siege Tank x2  
  173  13:34  Marine x4  
  173  13:35  Marine x4  
  173  13:38  Orbital Command  
  185  13:45  Marine x5  
  192  13:52  Marine x3  
  190  14:00  Marine x5  
  190  14:01  Siege Tank x2  
  185  14:03  Marine x3  
  185  14:06  Marine x2  
  185  14:08  Viking x2  
  183  14:10  Marine x2  
  183  14:12  Marine  
  183  14:15  Starport Reactor  
  178  14:17  Marine  
  178  14:18  Marine x3  
  182  14:26  Marine x4  
  182  14:27  Marine x3  
  182  14:28  Marine  
  182  14:29  Marine  
  191  14:33  Siege Tank x2  
  191  14:35  Marine  
  191  14:36  Marine  
  191  14:51  Marine x3  
  191  14:52  Marine x4  
  168  14:55  Marine x6  
  168  14:57  Viking x4  
  166  15:09  Marine x4  
  166  15:10  Marine x3  
  166  15:12  Marine  
  166  15:13  Marine x5  
  175  15:15  Siege Tank x2  
  177  15:27  Marine x2, Viking x3  
  173  15:28  Marine x3  
  173  15:29  Marine  
  173  15:34  Marine, Viking  
  173  15:35  Marine x4  
  178  15:38  Marine  
  166  15:48  Marine x3  
  166  15:49  Marine x4  
  158  15:52  Marine x2  
  158  15:53  Marine x3  
  158  15:56  Marine, Viking  
  162  15:59  Command Center  
  162  16:06  Marine x2  
  162  16:07  Marine, Barracks x2  
  162  16:08  Barracks, Marine x2  
  164  16:14  Marine x3  
  164  16:15  Marine  
  154  16:21  Marine x3  
  154  16:32  Medivac x3  
  154  16:43  Marine x2  
  154  16:44  Marine x3  
  116  17:09  Marine x8  
  116  17:10  Marine  
  125  17:22  Marine x2  
  126  17:23  Medivac  
  126  17:24  Medivac x3  
  126  17:26  Siege Tank x2  
  126  17:27  Marine x4  
  126  17:28  Marine x7  
  152  17:33  Orbital Command  
  152  17:45  Marine x6  
  152  17:46  Marine x2  
  160  17:56  Marine x2, Medivac  
  160  17:57  Marine x3, Medivac  
  167  17:58  Viking x2  
  167  18:03  Marine  
  167  18:11  Marine x7  
  166  18:13  Marine  
  167  18:26  Viking  
  169  18:32  Marine x5  
  169  18:33  Marine x5, Medivac x2  
  169  18:34  Marine x2  
  184  18:37  Marine  
  186  18:49  Marine x2  
  186  18:50  Marine x3  
  186  18:51  Marine  
  163  18:57  Marine x5  
  163  18:58  Marine  
  163  19:00  Marine  
  152  19:07  Marine x3, Viking x4  
  152  19:08  Marine x2  
  152  19:09  Marine  
  164  19:15  Marine x5  
  159  19:18  Marine x2  
  141  19:25  Marine x5  
  141  19:26  Marine  
  143  19:33  Marine x5  
  143  19:35  Marine  
  143  19:36  Marine  
  148  19:43  Marine x5  
  148  19:44  Marine  
  151  19:46  Medivac x2  
  151  19:47  Medivac x2  
  151  19:50  Marine x2  
  151  19:51  Marine x3  
  157  19:53  Marine  
  157  19:54  Marine  
  150  20:07  Marine x6  
  144  20:08  Marine x3  
  144  20:09  Marine x2  
  144  20:11  Marine  
  144  20:12  Marine  
  132  20:24  Marine x2  
  132  20:25  Marine x4  
  132  20:26  Marine  
  127  20:31  Marine x4  
  127  20:32  Marine x2  
  123  20:43  Siege Tank x2  
  123  20:44  Viking  
  123  20:45  Marine x4, Viking x3  
  123  20:46  Marine x3  
  123  20:49  Marine x6  
  148  20:51  Orbital Command  
  148  20:56  Command Center  
  150  21:03  Marine x3  
  153  21:14  Barracks x2, Viking  
  153  21:15  Viking  
  156  21:23  Marine x5  
  156  21:24  Marine x8  
Tags
 
Add a new tag
Caveats
  • Supply blocks, unpowered buildings, or Contaminate may cause inaccurate times.
  • Supply counts are checked every 10 seconds.